 Dungeon Crawl Stone Soup version 0.29.1-1-gd02db6906a (webtiles) character file.

Game seed: 15818261099053232172

41 LabCoat the Trooper (level 3, -3/33 HPs)
             Began as a Hill Orc Fighter on Sept 18, 2022.
             Slain by a gnoll
             ... wielding a +0 halberd
              (5 damage)
             ... on level 2 of the Dungeon.
             The game lasted 00:02:05 (1143 turns).

LabCoat the Trooper (Hill Orc Fighter)              Turns: 1143, Time: 00:02:05

Health: -3/33      AC:  6    Str: 20    XL:     3   Next: 52%
Magic:  3/3        EV:  9    Int:  8    God:
Gold:   79         SH:  4    Dex: 10    Spells: 2/2 levels left

rFire   . . .      SeeInvis .   a - +0 war axe
rCold   . . .      Faith    .   c - +0 buckler
rNeg    . . .      Spirit   .   b - +0 scale mail
rPois   .          Reflect  .   (no helmet)
rElec   .          Harm     .   (no cloak)
rCorr   .          Rampage  .   (no gloves)
Will    .....                   (no boots)
Stlth   ..........              (no amulet)
HPRegen 0.11/turn               (no ring)
MPRegen 0.08/turn               (no ring)

@: no status effects
A: no striking features
a: no special abilities


You were on level 2 of the Dungeon.
You visited 1 branch of the dungeon, and saw 2 of its levels.

You collected 79 gold pieces.

Inventory:

Hand Weapons
 a - a +0 war axe (weapon)
Armour
 b - a +0 scale mail (worn)
 c - a +0 buckler (worn)
Scrolls
 f - a scroll of teleportation {unknown}
 h - a scroll of torment {unknown}
Potions
 d - a potion of might
 e - a potion of curing {unknown}
 g - 2 potions of heal wounds {unknown}


   Skills:
 + Level 3.8 Fighting
 * Level 3.8 Axes
 + Level 0.5 Throwing
 + Level 3.5 Armour
 + Level 3.5 Shields
 + Level 0.8 Evocations


You had 2 spell levels left.
You didn't know any spells.
Your spell library contained the following spells:

 Spells                   Type           Power      Damage    Failure   Level
 Iskenderun's Battlesphe  Conj           0%         2d6       100%        5
 Iron Shot                Conj/Erth      0%         9d1       100%        6
 Spellforged Servitor     Conj/Summ      0%         N/A       100%        7


Dungeon Overview and Level Annotations

Branches:
Dungeon (2/15)

Altars:

Shops:
D:1 (?:*


Message History

Where to? (? - help)
There is a stone staircase leading down here.
You climb downwards.
Found 4 stones and 12 gold pieces.
There is a stone staircase leading up here.
A rat is nearby!
You slash the rat!
You kill the rat!
No target in view!
You now have 79 gold pieces (gained 12).
A gnoll comes into view. It is wielding a +0 whip.
The gnoll shouts!
You hear a shout!
A gnoll comes into view. It is wielding a +0 halberd.
The gnoll moves out of view.
A gnoll comes into view. It is wielding a +0 spear.
A gnoll comes into view. It is wielding a +0 whip.
The gnoll shouts! x2; You hear a shout!
A kobold, an endoplasm and a hobgoblin come into view.
Found a scroll labelled TILIUKA PYVUNA, 18 gold pieces and a leather armour.
The endoplasm quivers.
The hobgoblin shouts!
You block the gnoll's attack.
You barely miss the gnoll.
The gnoll hits you from afar with a +0 spear.
You block the gnoll's attack.
You barely miss the gnoll.
A rat comes into view.
You block the gnoll's attack. The gnoll completely misses you.
The gnoll hits you with a +0 spear. The gnoll barely misses you.
The gnoll hits you with a +0 halberd.
You slash the gnoll!
You kill the gnoll!
You barely miss the gnoll. You hit the gnoll. The gnoll barely misses you.
The gnoll closely misses you. The gnoll hits you but does no damage.
The gnoll hits you with a +0 whip. The gnoll hits you with a +0 halberd!
* * * LOW HITPOINT WARNING * * *
The gnoll attacks as you move away! The gnoll hits you with a +0 whip.
* * * LOW HITPOINT WARNING * * *
The gnoll hits you from afar with a +0 halberd.
You die... ....... .. ....... #. #.### ## ......$ ##.###...####.####....... ...#............. ....... #...........##.## Kr.....

#..............##gg.#
##(..........#..@.g#
#............#..g.J.#
#....<..........#.#.#
.........†.###....#...
#.................# ..#
#......##.#.........?...
.................... [#..
#...............#...#####
.....#..........#...


You could see 3 gnolls, an endoplasm, a hobgoblin and a rat.

Vanquished Creatures
  A gnoll (D:2)
  2 ball pythons (D:1)
  A bat (D:1)
  2 endoplasms (D:1)
  2 giant cockroaches (D:1)
  5 hobgoblins (D:1)
  4 jackals (D:1)
  2 quokkas (D:1)
  3 goblins (D:1)
  A kobold (D:1)
  4 rats
27 creatures vanquished.

Vanquished Creatures (others)
  A plant (D:1)
1 creature vanquished.

Grand Total: 28 creatures vanquished

Notes
Turn   | Place    | Note
-------+----------+-------------------------------------------
     0 | D:1      | LabCoat the Hill Orc Fighter began the quest for the Orb.
     0 | D:1      | Reached XP level 1. HP: 19/19 MP: 1/1
    10 | D:1      | Found Dust's Assorted Antiques.
    54 | D:1      | Found Egebuh's Book Emporium.
   184 | D:1      | Reached XP level 2. HP: 26/27 MP: 2/2
   338 | D:1      | Found Otaempir's Magic Scroll Shoppe.
   569 | D:1      | Reached XP level 3. HP: 27/33 MP: 3/3
  1026 | D:1      | Found Serchiez's Antique Weapon Shop.
  1143 | D:2      | Slain by a gnoll

Illustrated notes

Levels and vault maps discovered:
D:1:      minmay_arrival_diagonal_passages, layout_basic, serial_shops,
          nicolae_shop_overgrown_old_shop, shop, nicolae_square_shop,
          shop_statue
D:2:      layout_rooms

Skill      XL: |  1 |
---------------+----+-----
Axes           | 3 |  3.8
Fighting       | |  3.8
Throwing       | |  0.5
Armour         | |  3.5
Shields        | |  3.5
Evocations     | |  0.8

Action                   || total
-------------------------++-------
Melee: War axe           ||    83
Armor: Scale mail        ||    39
Dodge: Dodged            ||    44
Block: Buckler           ||    17
